 Dungeon Crawl Stone Soup version 0.31-a0-202-g547052bce9 (webtiles) character file.

Game seed: 13961985945421042392

105 funkygono the Firebug (level 4, -2/25 HPs)
             Began as a Gargoyle Fire Elementalist on June 26, 2023.
             Slain by Natasha (4 damage)
             ... on level 2 of the Dungeon.
             The game lasted 00:02:32 (1773 turns).

funkygono the Firebug (Gargoyle Fire Elementalist)  Turns: 1773, Time: 00:02:32

Health: -2/25      AC:  5    Str: 11    XL:     4   Next: 83%
Magic:  2/8        EV: 12    Int: 18    God:
Gold:   15         SH:  0    Dex: 10    Spells: 5/8 levels left

rFire   . . .        j - +0 whip
rCold   . . .        (no shield)
rNeg    + . .        a - +0 robe
rPois   ∞            (no helmet)
rElec   +            (no cloak)
rCorr   .            (no gloves)
SInv    .            (no boots)
Will    .....        (no amulet)
Stlth   ++           (no ring)
HPRegen 0.24/turn    (no ring)
MPRegen 0.11/turn

%: no passive effects
@: no status effects
A: sickness immunity, AC +3, negative energy resistance 1, electricity
resistance, torment resistance 1, petrification resistance
a: no special abilities


You were on level 2 of the Dungeon.
You visited 1 branch of the dungeon, and saw 2 of its levels.

You collected 15 gold pieces.

Inventory:

Hand Weapons
 g - a +0 mace
 j - a +0 whip (weapon)
Armour
 a - a +0 robe (worn)
 e - a +2 ring mail of fire resistance
Scrolls
 c - 2 scrolls of teleportation {unknown}
 f - 2 scrolls of enchant weapon {unknown}
 i - a scroll of revelation {unknown}
 l - a scroll of enchant armour {unknown}
 m - a scroll of identify {unknown}
Potions
 b - a potion of magic
 d - 2 potions of brilliance {unknown}
 h - 2 potions of curing {unknown}
 k - a potion of enlightenment {unknown}
 n - 2 potions of ambrosia {unknown}


   Skills:
 + Level 1.1 Fighting
 + Level 0.8 Maces & Flails
 + Level 1.9 Dodging
 - Level 2.1 Stealth
 + Level 2.9 Spellcasting
 + Level 2.3 Conjurations
 + Level 3.7 Fire Magic


You had 5 spell levels left.
You knew the following spells:

 Your Spells              Type           Power      Damage    Failure   Level
a - Foxfire               Conj/Fire      52%        2x1d6     4%          1
b - Scorch                Fire           32%        2d6       5%          2

Your spell library contained the following spells:

 Spells                   Type           Power      Damage    Failure   Level
 Inner Flame              Hex/Fire       9%         N/A       22%         3
 Volatile Blastmotes      Fire/Tloc      18%        2d11      22%         3
 Flame Wave               Conj/Fire      13%        2d6       43%         4


Dungeon Overview and Level Annotations

Branches:
Dungeon (2/15)

Altars:

Annotations:
D:2 Natasha


Innate Abilities, Weirdness & Mutations

You are immune to sickness and miasma.
Your stone body is resilient. (AC +3)
You are immune to poison.
You resist negative energy. (rN+)
You are resistant to electric shocks. (rElec)
You are resistant to unholy torment.
You are immune to petrification.


Message History

The cerulean imp barely misses you. x2; Natasha completely misses you.
You barely miss Natasha.
Natasha is moderately wounded.
The cerulean imp misses you. The cerulean imp closely misses you.
The cerulean imp hits you from afar with a +2 spear.
Natasha claws you. The cerulean imp closely misses you.
The cerulean imp hits you but does no damage.
Unknown command.
You closely miss Natasha.
Natasha is moderately wounded.
The cerulean imp disappears in a puff of smoke!
The cerulean imp hits you from afar with a +2 spear.
* * * LOW HITPOINT WARNING * * *
Natasha barely misses you.
A frilled lizard comes into view.
The cerulean imp hits you from afar with a +2 spear.
* * * LOW HITPOINT WARNING * * *
The cerulean imp misses you. Natasha attacks as you move away!
Natasha closely misses you. The cerulean imp barely misses you.
Natasha mumbles some strange words.
Natasha shimmers violently.
The cerulean imp attacks as you move away!
The cerulean imp barely misses you. The cerulean imp closely misses you.
Natasha claws you but does no damage. The cerulean imp barely misses you.
Natasha howls an incantation.
Natasha shimmers violently.
Natasha stares at you and mumbles some strange words.
You resist with some effort.
The cerulean imp disappears in a puff of smoke!
Natasha wildly gestures.
You feel disoriented.
The cerulean imp hits you from afar with a +2 spear.
* * * LOW HITPOINT WARNING * * *
Natasha attacks as you move away! Natasha claws you.
* * * LOW HITPOINT WARNING * * *
The cerulean imp barely misses you. Natasha attacks as you move away!
Natasha claws you.
You die...

####.###...###### #.##
##.##.....#......# #.#
##...#÷.##...####.# #.#
##.......###.## #.# #.#
#............#####.#######.##
#.
#........###................. .
.##.#...#..###.#####.##.######.
#.#....#.##.........##.##.# #.
....#..#.##.g.5h@....<.##.# #.
.#.#...#.........##.#####.# #.
..........................# #.
#.#.#..############.####### #.
.....#.# #.# #. .#.#.#g# #.# #.
..§.§..# #.# ##. #.#§§### #.#
#.. †...## #.# #..


You could see Natasha, a cerulean imp (summoned) and a goblin.

Vanquished Creatures
  Natasha (twice) (D:2)
  2 adders (D:2)
  2 dart slugs (D:1)
  5 endoplasms
  A giant cockroach (D:1)
  2 goblins (D:1)
  2 hobgoblins (D:1)
  6 jackals (D:1)
  A quokka (D:2)
  4 ball pythons
  4 bats
  2 kobolds (D:1)
  2 rats
35 creatures vanquished.

Vanquished Creatures (others)
  84 foxfires
84 creatures vanquished.

Grand Total: 119 creatures vanquished

Notes
Turn   | Place    | Note
-------+----------+-------------------------------------------
     0 | D:1      | funkygono the Gargoyle Fire Elementalist began the quest
                  | for the Orb.
     0 | D:1      | Reached XP level 1. HP: 10/10 MP: 3/3
   219 | D:1      | Reached XP level 2. HP: 8/15 MP: 0/5
   222 | D:1      | Learned a level 2 spell: Scorch
   770 | D:1      | Reached XP level 3. HP: 16/19 MP: 2/6
  1254 | D:2      | Found a faded altar of an unknown god.
  1386 | D:2      | Reached skill level 1 in Fighting
  1529 | D:2      | Noticed Natasha
  1532 | D:2      | Killed Natasha
  1533 | D:2      | Reached XP level 4. HP: 25/25 MP: 3/8
  1537 | D:2      | Noticed Natasha
  1540 | D:2      | Killed Natasha
  1744 | D:2      | Noticed Natasha
  1773 | D:2      | Slain by Natasha

Illustrated notes

Levels and vault maps discovered:
D:1:      co_arrival_square_in_a_square_in_a_square, layout_loops_ring
D:2:      layout_loops_ring, hellmonk_ecumenical_altar_zigzags, hex_medium,
          uniq_natasha, uniq_robin

Skill      XL: |  1  2  3 |
---------------+----------+-----
Conjurations   | 2 |  2.3
Fighting       | 1 |  1.1
Maces & Flails | |  0.8
Dodging        | |  1.9
Stealth        | |  2.1
Spellcasting   | |  2.9
Fire Magic     | |  3.7

Action                     |  1- 3 |  4- 6 || total
---------------------------+-------+-------++-------
  Melee: Unarmed           |     3 |       ||     3
         Mace              |    11 |       ||    11
         Whip              |     9 |     7 ||    16
   Cast: Foxfire           |    42 |    11 ||    53
         Scorch            |     6 |     2 ||     8
 Armour: Robe              |    12 |     7 ||    19
  Dodge: Dodged            |    18 |    21 ||    39

Table legend: (Time is in decaauts)
 A = Elapsed time spent in this place.
 B = Non-inter-level travel time spent in this place.
 C = Inter-level travel time spent in this place.
 D = Time resting spent in this place.
 E = Time spent auto-exploring this place.
 F = Levels seen in this place.
 G = Mean time per level.
                   A        B        C        D        E       F      G
               +--------+--------+--------+--------+--------+-----+--------+
         Total |   1777 |   1758 |     19 |      8 |   1447 |   2 |  888.5 |
       Dungeon |   1777 |   1758 |     19 |      8 |   1447 |   2 |  888.5 |
               +--------+--------+--------+--------+--------+-----+--------+

Top non-repeatable levels by time:
     D:1: 1227 daAuts
     D:2: 549 daAuts
